[Event "Titled Tuesday Blitz July 25 Late 2023"]
[White "Zavgorodniy, Sergiy"]
[Black "Michalczak, Thomas"]
[WhiteFideId "14110148"]
[BlackFideId "4622634"]
[WhiteElo "2603"]
[BlackElo "2491"]
[Result "1/2-1/2"]
[Round "11"]
[TimeControl "180+2"]
[Date "2023.07.25"]
[WhiteClock "0:01:32"]
[BlackClock "0:00:41"]
[Board "48"]

1. d4 Nf6 2. c4 e6 3. Nf3 d5 4. e3 a6 5. Nbd2 b6 6. Bd3 Bb7 7. O-O Nbd7 8. Qe2 Ne4 9. b3 f5 10. Bb2 Bd6 11. cxd5 exd5 12. Ne5 O-O 13. f4 Ndf6 14. Ndf3 Qe8 15. Rac1 Rd8 16. a4 Ra8 17. Rc2 Qh5 18. Rfc1 Ng4 19. h3 Ngf2 20. Kh2 Nxd3 21. Qxd3 Rf6 22. Rg1 Kh8 23. g4 fxg4 24. Nxg4 Bc8 25. Rcg2 Bxg4 26. Rxg4 Rh6 27. Qf1 Nf2 28. R4g3 Ne4 29. Rg4 Nf2 30. R4g3 Ne4 31. Rg4 1/2-1/2


[Site "https://www.chess.com"]

[Event "Titled Tuesday Blitz July 25 Late 2023"]
[White "Piesik, Piotr"]
[Black "Yeritsyan, Hayk"]
[WhiteFideId "1136194"]
[BlackFideId "13307320"]
[WhiteElo "2599"]
[BlackElo "2487"]
[Result "1-0"]
[Round "11"]
[TimeControl "180+2"]
[Date "2023.07.25"]
[WhiteClock "0:00:24"]
[BlackClock "0:00:00"]
[Board "49"]

1. Nf3 d5 2. g3 Nf6 3. Bg2 Bf5 4. O-O e6 5. d3 h6 6. Nbd2 c6 7. Qe1 Be7 8. e4 Bh7 9. Qe2 O-O 10. b3 Na6 11. Bb2 Nc5 12. e5 Nfd7 13. Ne1 Rc8 14. f4 Na6 15. g4 Nb4 16. f5 Bh4 17. Ndf3 Be7 18. a3 Na6 19. fxe6 fxe6 20. Nd4 Rxf1+ 21. Bxf1 Nf8 22. b4 c5 23. bxc5 Nxc5 24. Nef3 Na4 25. Bc1 Qb6 26. Kh1 Nc3 27. Qg2 Qc5 28. g5 hxg5 29. Bxg5 Bxg5 30. Qxg5 Nb5 31. Nxb5 Qxb5 32. Bh3 Rxc2 33. Nd4 Qxd3 34. Nxc2 Qxc2 35. Rg1 Be4+ 36. Bg2 Bxg2+ 37. Qxg2 Qxg2+ 38. Kxg2 Kf7 39. Kf3 Ng6 40. Rg5 b5 41. Ke3 a5 42. Kd4 b4 43. axb4 axb4 44. Rg3 Ne7 45. Kc5 Nf5 46. Rg1 b3 47. Kb4 b2 48. Kc3 d4+ 49. Kxb2 Ke7 50. Kb3 Kd7 51. Kc4 Kc6 52. Rg6 Kd7 53. Kd3 Ke7 54. Ke4 Kf7 55. Rg1 g6 56. Ra1 g5 57. Ra6 g4 58. Kf4 d3 59. Ra3 d2 60. Rd3 Kg6 61. Rxd2 Kh5 62. Rg2 Nh6 63. Ra2 Kh4 64. Ra6 Kh3 65. Rxe6 Ng8 66. Re8 Nh6 67. Rh8 Kxh2 68. Rxh6+ Kg2 69. Kxg4 1-0


[Site "https://www.chess.com"]

[Event "Titled Tuesday Blitz July 25 Late 2023"]
[White "Liu, Casper"]
[Black "Cappelletto, Joshuaede"]
[WhiteFideId "1454153"]
[BlackFideId "2824383"]
[WhiteElo "2485"]
[BlackElo "2588"]
[Result "0-1"]
[Round "11"]
[TimeControl "180+2"]
[Date "2023.07.25"]
[WhiteClock "0:01:51"]
[BlackClock "0:01:27"]
[Board "50"]

1. e4 c5 2. d4 cxd4 3. Qxd4 Nf6 4. Nc3 Nc6 5. Qe3 g6 6. Bd2 Bg7 7. O-O-O O-O 8. f3 d5 9. exd5 Nxd5 10. Nxd5 Qxd5 11. Qb3 Qc5 12. Be3 Qa5 13. Bd2 Qc7 14. h4 Be6 15. Qa4 a6 16. h5 b5 17. Qh4 Nd4 18. Bc3 Nf5 19. Qh3 Ne3 20. hxg6 Bxh3 0-1


[Site "https://www.chess.com"]

[Event "Titled Tuesday Blitz July 25 Late 2023"]
[White "Trifan, Andrei Ioan"]
[Black "Toncheva, Nadya"]
[WhiteFideId "12967068"]
[BlackFideId "2924056"]
[WhiteElo "2582"]
[BlackElo "2475"]
[Result "1-0"]
[Round "11"]
[TimeControl "180+2"]
[Date "2023.07.25"]
[WhiteClock "0:00:52"]
[BlackClock "0:00:01"]
[Board "51"]

1. e4 c5 2. Nf3 Nc6 3. Nc3 g6 4. Bc4 Bg7 5. O-O e6 6. Re1 Nge7 7. d3 O-O 8. e5 d5 9. exd6 Nf5 10. Ne4 Nxd6 11. Nxc5 Qa5 12. Nb3 Qh5 13. Nfd2 Qf5 14. Ne4 Nxc4 15. dxc4 Rd8 16. Qe2 b6 17. Bg5 f6 18. g4 Qe5 19. Nxf6+ Bxf6 20. Qxe5 Nxe5 21. Bxf6 Nf3+ 22. Kg2 Nxe1+ 23. Rxe1 Rf8 24. g5 Bd7 25. Nd4 Kf7 26. Kg3 Rfc8 27. b3 h5 28. a4 Rc5 29. Nf3 Be8 30. Ne5+ Kf8 31. Rd1 Rac8 32. Rd6 Rxe5 33. Bxe5 Ke7 34. Rd4 Bc6 35. Bf6+ Kf7 36. Kf4 a6 37. Rd6 b5 38. cxb5 axb5 39. axb5 Bxb5 40. c4 Bc6 41. Ke5 Rc7 42. Rxe6 Bf3 43. Rb6 Bd1 44. Kd6 Rc8 45. Rb7+ Kf8 46. c5 Bc2 47. b4 Bf5 48. c6 Be4 49. b5 Bf3 50. Rh7 Be4 51. Rh8+ Kf7 52. Rxc8 Bxc6 53. Rc7+ 1-0


[Site "https://www.chess.com"]

[Event "Titled Tuesday Blitz July 25 Late 2023"]
[White "Hajiyev, Kanan"]
[Black "Perske, Thore"]
[WhiteFideId "13404148"]
[BlackFideId "12902195"]
[WhiteElo "2576"]
[BlackElo "2477"]
[Result "1-0"]
[Round "11"]
[TimeControl "180+2"]
[Date "2023.07.25"]
[WhiteClock "0:00:06"]
[BlackClock "0:00:28"]
[Board "52"]

1. d4 d5 2. Nf3 Nf6 3. c4 c6 4. cxd5 cxd5 5. Nc3 Nc6 6. Bg5 Ne4 7. Bf4 Qa5 8. Qb3 e6 9. e3 Bb4 10. Rc1 O-O 11. Bd3 f5 12. O-O Bd7 13. Rfd1 Be8 14. Ne5 g5 15. Nxc6 bxc6 16. Be5 c5 17. f3 c4 18. Bxc4 dxc4 19. Qxc4 Nxc3 20. Qxe6+ Rf7 21. bxc3 Ba3 22. Rb1 Ba4 23. Rb7 Rf8 24. Rdb1 Qxc3 25. Rxf7 Rxf7 26. Rb8+ Bf8 27. h4 Qe1+ 28. Kh2 Qxh4+ 29. Kg1 Qe1+ 30. Kh2 Qxe3 31. Rxf8+ Kxf8 32. Bd6+ Kg7 33. Qxe3 h6 34. Qe5+ Kg8 35. Qe6 Bd7 36. Qxh6 Rg7 37. Kg1 g4 38. Be5 1-0


[Site "https://www.chess.com"]

[Event "Titled Tuesday Blitz July 25 Late 2023"]
[White "Sargsyan, Anna M."]
[Black "Ismayil, Malak"]
[WhiteFideId "13308130"]
[BlackFideId "13412604"]
[WhiteElo "2567"]
[BlackElo "2465"]
[Result "1-0"]
[Round "11"]
[TimeControl "180+2"]
[Date "2023.07.25"]
[WhiteClock "0:00:09"]
[BlackClock "0:00:02"]
[Board "53"]

1. e4 e5 2. Nf3 Nc6 3. Bc4 Bc5 4. d3 Nf6 5. c3 d6 6. O-O O-O 7. Re1 h6 8. h3 Be6 9. Bxe6 fxe6 10. d4 exd4 11. cxd4 Bb6 12. Nc3 e5 13. dxe5 Nxe5 14. Be3 Nxf3+ 15. Qxf3 Nd5 16. Qg3 Bxe3 17. fxe3 Nxc3 18. bxc3 Qe7 19. Rab1 b6 20. Rb4 a5 21. Rc4 Rf7 22. Rd1 Raf8 23. Kh2 Rf2 24. a4 Re2 25. Rcd4 Rff2 26. Rg1 Rc2 27. Kh1 Rfe2 28. Qf3 Qg5 29. Rd3 Rf2 30. Qg4 Qxg4 31. hxg4 Kf7 32. e5 dxe5 33. Rd7+ Kg6 34. Rxc7 Ra2 35. Rc6+ Rf6 36. Rc4 Re2 37. Re4 Re6 38. Rb1 Rc2 39. Rb3 Kf6 40. Kh2 Rd6 41. Kg3 Ke6 42. Rb5 Rxc3 43. Rbxe5+ Kf6 44. Rf5+ Kg6 45. Re7 Rdd3 46. Rfe5 Kh7 47. Kf3 Ra3 48. R5e6 Rdb3 49. Rc6 Rxa4 50. Rcc7 Kg6 51. Rxg7+ Kf6 52. Rh7 Ke6 53. Rxh6+ Kd5 54. g5 Raa3 55. Re7 Rb1 56. g6 Rf1+ 57. Kg3 Rf8 58. g7 Rg8 59. Rh8 Rxe3+ 60. Rxe3 Rxg7+ 61. Kf2 Kd4 62. Rh4+ Kc5 63. Rh5+ Kb4 64. Re4+ Kc3 65. Rh6 b5 66. Rh3+ Kb2 67. Re2+ Kc1 68. Rh1# 1-0


[Site "https://www.chess.com"]

[Event "Titled Tuesday Blitz July 25 Late 2023"]
[White "Ambartsumova, Karina"]
[Black "Necromon"]
[WhiteFideId "4166299"]
[WhiteElo "2556"]
[BlackElo "2463"]
[Result "1-0"]
[Round "11"]
[TimeControl "180+2"]
[Date "2023.07.25"]
[WhiteClock "0:00:26"]
[BlackClock "0:00:32"]
[Board "54"]

1. c4 e5 2. Nc3 Nf6 3. Nf3 Nc6 4. a3 d5 5. cxd5 Nxd5 6. e4 Nb6 7. Bb5 Bd6 8. d4 exd4 9. Nxd4 Bd7 10. Nxc6 bxc6 11. Be2 O-O 12. O-O c5 13. Bf3 Bc6 14. Qc2 Be5 15. Be3 Bd4 16. Rad1 Qf6 17. Bxd4 cxd4 18. e5 Qh6 19. Bxc6 Qxc6 20. Rxd4 Rfe8 21. f4 Qc5 22. Qf2 Nc4 23. Ne4 Qb5 24. Rc1 Na5 25. Rxc7 Red8 26. Rxd8+ Rxd8 27. Nd6 Qd3 28. Rc1 Nb3 29. Re1 h5 30. Qxa7 Nd4 31. Qxf7+ Kh8 32. Qxh5+ Kg8 33. Qd1 1-0


[Site "https://www.chess.com"]

[Event "Titled Tuesday Blitz July 25 Late 2023"]
[White "Musovic, Armin"]
[Black "Rios Escobar, Adan"]
[WhiteFideId "939935"]
[BlackFideId "3403645"]
[WhiteElo "2546"]
[BlackElo "2446"]
[Result "1-0"]
[Round "11"]
[TimeControl "180+2"]
[Date "2023.07.25"]
[WhiteClock "0:00:13"]
[BlackClock "0:00:00"]
[Board "55"]

1. a3 e5 2. Nc3 g6 3. d4 Bg7 4. dxe5 Bxe5 5. Nf3 Bg7 6. Bg5 Ne7 7. Qd2 h6 8. Bh4 Nbc6 9. O-O-O g5 10. Bg3 d6 11. e4 Ng6 12. Bc4 Bg4 13. Kb1 Qd7 14. h3 Bxf3 15. gxf3 Nge5 16. Bxe5 Nxe5 17. Bb5 c6 18. Be2 O-O-O 19. h4 Qe7 20. f4 gxf4 21. Qxf4 Kb8 22. Qe3 Rhe8 23. f4 Ng6 24. h5 Nf8 25. Bf3 f5 26. e5 dxe5 27. Rxd8+ Rxd8 28. fxe5 Qxe5 29. Qf2 Ne6 30. Re1 Qf6 31. Rg1 Ng5 32. Be2 f4 33. Bd3 f3 34. Rf1 Qd6 35. Nd1 Rf8 36. Qe3 Qd4 37. Qe7 Qf6 38. Qb4 Rd8 39. Qb3 Qd6 40. Ka2 a5 41. a4 Qd5 42. Bc4 Qc5 43. c3 Ka7 44. Rf2 Qb6 45. Rf1 Rd2 46. Qxb6+ Kxb6 47. Kb3 Kc5 48. Bg8 b5 49. axb5 cxb5 50. Ne3 a4+ 51. Ka3 f2 52. Ng4 Ne4 53. Bh7 Nxc3 54. bxc3 Bxc3 55. Rxf2 b4+ 56. Kxa4 Rd8 57. Kb3 Rd7 58. Rf5+ Kd4 59. Nf6 Ra7 60. Rd5+ Ke3 61. Rd7 Ra3+ 62. Kc4 Be1 63. Nd5+ Kf2 64. Nxb4 Ra4 65. Rf7+ Kg3 66. Rb7 Kh4 67. Bc2 Bxb4 68. Bxa4 Bd6 69. Be8 Bf4 70. Kd5 Kg5 71. Ke4 Bg3 72. Kf3 Bh2 73. Rb5+ Kh4 74. Rb4+ Kh3 75. Rg4 Bd6 76. Bd7 Kh2 77. Rg2+ Kh1 78. Rd2 Bc5 79. Rc2 Bg1 80. Bc6 Bd4 81. Kg3+ 1-0


[Site "https://www.chess.com"]

[Event "Titled Tuesday Blitz July 25 Late 2023"]
[White "Molenda, Marcin"]
[Black "ChessSG1"]
[WhiteFideId "1173065"]
[WhiteElo "2533"]
[BlackElo "2440"]
[Result "0-1"]
[Round "11"]
[TimeControl "180+2"]
[Date "2023.07.25"]
[WhiteClock "0:01:51"]
[BlackClock "0:02:38"]
[Board "56"]

1. e4 c5 2. c3 Nf6 3. e5 Nd5 4. Nf3 e6 5. d4 cxd4 6. cxd4 d6 7. Bc4 Be7 8. O-O O-O 9. Qe2 b6 10. Rd1 Bb7 11. Bxd5 exd5 12. Nc3 Na6 13. Bf4 Nc7 14. exd6 Bxd6 15. Bxd6 Qxd6 16. Qe5 Qxe5 17. dxe5 Rfe8 18. Nb5 Nxb5 0-1


[Site "https://www.chess.com"]

[Event "Titled Tuesday Blitz July 25 Late 2023"]
[White "Yu, Jennifer"]
[Black "Ordekalog"]
[WhiteFideId "2078341"]
[WhiteElo "2385"]
[BlackElo "2530"]
[Result "1-0"]
[Round "11"]
[TimeControl "180+2"]
[Date "2023.07.25"]
[WhiteClock "0:00:06"]
[BlackClock "0:00:00"]
[Board "57"]

1. c4 e6 2. Nc3 d5 3. e3 c5 4. Nf3 Nf6 5. cxd5 exd5 6. d4 Nc6 7. Be2 a6 8. O-O Bd6 9. dxc5 Bxc5 10. a3 O-O 11. b4 Ba7 12. Bb2 Bg4 13. h3 Be6 14. Rc1 Rc8 15. Na4 Ne4 16. Nc5 Nxc5 17. bxc5 Qe7 18. Qc2 Rfd8 19. Nd4 Bb8 20. Qc3 f6 21. Nxe6 Qxe6 22. Bg4 Qe5 23. Qxe5 Bxe5 24. Bxe5 fxe5 25. Bxc8 Rxc8 26. Rfd1 Rd8 27. Rd3 Kf7 28. Kf1 Ke6 29. Rb3 Na5 30. Rb6+ Kd7 31. Rd1 Kc7 32. Re6 Nc4 33. Re7+ Kc6 34. Rxg7 Nxa3 35. Rxh7 Nb5 36. Rc1 a5 37. Rh6+ Kc7 38. Rb6 Na7 39. Rcb1 Rb8 40. Rh6 a4 41. Ra1 Rc8 42. Rxa4 Kb8 43. Rb4 Rxc5 44. Rh8+ Nc8 45. Rh7 Nd6 46. Rd7 Rc1+ 47. Ke2 Rc6 48. f4 Kc8 49. Rh7 e4 50. g4 Rc2+ 51. Kd1 Rh2 52. Ra4 Kb8 53. g5 Nf5 54. Rb4 Nxe3+ 55. Kc1 Rh1+ 56. Kb2 Nc4+ 57. Kc3 Nd6 58. Kd4 Rd1+ 59. Ke5 Nc4+ 60. Ke6 Na5 61. Rb5 e3 62. Kd7 Ra1 63. Rh8+ Ka7 64. Re8 d4 65. Rd5 Nc6 66. g6 Rg1 67. f5 Nb8+ 68. Kc7 Na6+ 69. Kd6 Nb4 70. Rxd4 Nc6 71. Rde4 Rd1+ 72. Kc7 Na5 73. Rxe3 Rc1+ 74. Kd6 Nc4+ 75. Kd5 Nb6+ 76. Kd4 Rc4+ 77. Kd3 Ra4 78. g7 Ra3+ 79. Ke2 Ra2+ 80. Kf3 1-0


[Site "https://www.chess.com"]

[Event "Titled Tuesday Blitz July 25 Late 2023"]
[White "Nunez V, Gustavo Eduardo"]
[Black "Korchmar, Vasiliy"]
[WhiteFideId "4403690"]
[BlackFideId "24131750"]
[WhiteElo "2432"]
[BlackElo "2675"]
[Result "1-0"]
[Round "11"]
[TimeControl "180+2"]
[Date "2023.07.25"]
[WhiteClock "0:00:05"]
[BlackClock "0:00:00"]
[Board "58"]

1. e4 a5 2. d4 a4 3. a3 h5 4. Nf3 h4 5. h3 g6 6. Bc4 Bg7 7. Bg5 c5 8. c3 cxd4 9. cxd4 Qb6 10. Qd2 Nc6 11. Be3 Na5 12. Ba2 Nf6 13. Nc3 Nb3 14. Bxb3 Qxb3 15. Rc1 d6 16. Qc2 Qxc2 17. Rxc2 Be6 18. d5 Bd7 19. Bd4 Rc8 20. O-O O-O 21. Rd2 Rc4 22. Re1 b5 23. e5 Nh5 24. e6 fxe6 25. dxe6 Bc6 26. Bxg7 Kxg7 27. Nd4 Ba8 28. Ncxb5 Nf4 29. f3 Rc5 30. Nc3 Rg5 31. Kh2 Bd5 32. Nxa4 Re5 33. Rxe5 dxe5 34. Nb5 e4 35. Nac3 e3 36. Rd1 Bc4 37. Nd4 Rb8 38. b4 Nd3 39. Ne4 Nf2 40. Re1 Nxe4 41. fxe4 e2 42. Nxe2 Ra8 43. Nf4 Rxa3 44. Rc1 Bb5 45. Rc5 Bf1 46. Rg5 Ra2 47. Rxg6+ Kh7 48. Rg4 Rf2 49. Rxh4+ Kg7 50. Rg4+ Kf6 51. Nd5+ Ke5 52. Ne3 Be2 53. Rg3 Kxe4 54. Ng4 Bxg4 55. Rxg4+ Ke3 56. b5 Rb2 57. Rg5 Kf4 58. Rc5 Re2 59. Rc7 Rxe6 60. Rc6 Re5 61. b6 Rb5 62. Re6 Kf5 63. Rxe7 Rxb6 64. Rg7 Kf6 65. Rg3 Rb4 66. Rg8 Ra4 67. Kg3 Kf7 68. Rg4 Ra3+ 69. Kh4 Ra2 70. g3 Ra5 71. Rg5 Ra4+ 72. Kh5 Ra3 73. h4 Kf6 74. Rg6+ Kf7 75. g4 Rh3 76. Rg5 Kf6 77. Rf5+ Kg7 78. Kg5 Ra3 79. Rb5 Ra7 80. h5 Kh7 81. h6 Rd7 82. Kh5 Rc7 83. g5 Rc8 84. Rb7+ Kh8 85. Rb5 Rd8 86. g6 Rc8 87. Kg5 Rd8 88. Re5 Ra8 89. Kf6 Ra6+ 90. Re6 Ra8 91. Kf7 Rf8+ 92. Ke7 Rg8 93. Kf6 Rf8+ 94. Kg5 Ra8 95. g7+ Kh7 96. Rf6 Ra5+ 97. Rf5 Ra8 98. Rf8 Ra5+ 99. Kf4 Ra4+ 100. Ke3 Rg4 101. Rh8+ Kg6 102. g8=Q+ Kh5 103. Qxg4+ Kxg4 104. Rg8+ 1-0


[Site "https://www.chess.com"]

[Event "Titled Tuesday Blitz July 25 Late 2023"]
[White "Pinheiro, Iung Alicio de O."]
[Black "EsmeraldasAnderson03"]
[WhiteFideId "2104350"]
[WhiteElo "2589"]
[BlackElo "2429"]
[Result "1-0"]
[Round "11"]
[TimeControl "180+2"]
[Date "2023.07.25"]
[WhiteClock "0:00:34"]
[BlackClock "0:00:43"]
[Board "59"]

1. e4 c5 2. Nf3 d6 3. c3 Nf6 4. h3 Nc6 5. Bd3 g6 6. Bc2 Bg7 7. O-O O-O 8. d4 cxd4 9. cxd4 b6 10. Nc3 Ba6 11. Re1 Rc8 12. Bg5 Nb4 13. Bb1 h6 14. Bf4 Nc6 15. Qd2 Kh7 16. Bc2 Nb4 17. Bb1 Nc6 18. Be3 Qc7 19. Bd3 Bxd3 20. Qxd3 Na5 21. Rac1 Qb7 22. b3 e6 23. Nd2 d5 24. e5 Nd7 25. Nb5 Rxc1 26. Rxc1 Rc8 27. Rd1 Qa6 28. Nf3 Nb7 29. a4 Qa5 30. Bd2 Qa6 31. h4 h5 32. Ng5+ Kg8 33. Qf3 Rf8 34. Nc7 f6 35. Ngxe6 1-0


[Site "https://www.chess.com"]

[Event "Titled Tuesday Blitz July 25 Late 2023"]
[White "Herman, Daniel"]
[Black "Rottenwohrer Suarez, Juan"]
[WhiteFideId "30935008"]
[BlackFideId "32068182"]
[WhiteElo "2422"]
[BlackElo "2520"]
[Result "1-0"]
[Round "11"]
[TimeControl "180+2"]
[Date "2023.07.25"]
[WhiteClock "0:01:21"]
[BlackClock "0:00:00"]
[Board "60"]

1. Nf3 Nf6 2. b3 d5 3. Bb2 c5 4. e3 Nc6 5. Bb5 Bd7 6. O-O e6 7. d4 cxd4 8. Nxd4 Bd6 9. c4 Nxd4 10. Bxd7+ Qxd7 11. Qxd4 Qc7 12. cxd5 Nxd5 13. Rc1 Qb6 14. Qxg7 Rf8 15. Nd2 Nxe3 16. Bd4 Nf5 17. Qxf8+ Bxf8 18. Bxb6 axb6 19. Nc4 Bc5 20. a4 Nd4 21. Rcb1 Ne2+ 22. Kf1 Nd4 23. b4 Be7 24. Nxb6 Ra6 25. Nc4 Nc2 26. b5 Nb4 27. bxa6 1-0


[Site "https://www.chess.com"]

[Event "Titled Tuesday Blitz July 25 Late 2023"]
[White "Toniutti, Ezio"]
[Black "Willy, Stephen"]
[WhiteFideId "113034"]
[BlackFideId "30981468"]
[WhiteElo "2496"]
[BlackElo "2417"]
[Result "1-0"]
[Round "11"]
[TimeControl "180+2"]
[Date "2023.07.25"]
[WhiteClock "0:00:11"]
[BlackClock "0:00:01"]
[Board "61"]

1. d4 d5 2. c4 e6 3. Nf3 Nf6 4. g3 dxc4 5. Bg2 Bb4+ 6. Bd2 c5 7. O-O O-O 8. dxc5 Bxc5 9. Qc2 Qc7 10. Bf4 Qb6 11. Nc3 Bd7 12. Ne5 Be8 13. Nxc4 Qa6 14. Ne5 Nc6 15. Rac1 Nd4 16. Qb1 Bb4 17. Kh1 Bxc3 18. bxc3 Nxe2 19. Bxb7 Qa4 20. Bxa8 Nxf4 21. gxf4 Qxf4 22. Rce1 Ba4 23. Bg2 a5 24. Qc1 Qf5 25. Qe3 h6 26. Qd3 Qf4 27. Qg3 Qd2 28. f4 Rc8 29. c4 Rb8 30. Qe3 Qxa2 31. Ra1 Qc2 32. Rfc1 Qf5 33. Rxa4 Rb2 34. c5 h5 35. c6 h4 36. c7 Kh7 37. c8=Q Rb1 38. Nxf7 Rb5 39. Qh8+ Kg6 40. Ne5+ Rxe5 41. fxe5 1-0


[Site "https://www.chess.com"]

[Event "Titled Tuesday Blitz July 25 Late 2023"]
[White "Ai, Evan"]
[Black "only_strong_moves"]
[WhiteFideId "2094770"]
[WhiteElo "2411"]
[BlackElo "2495"]
[Result "1/2-1/2"]
[Round "11"]
[TimeControl "180+2"]
[Date "2023.07.25"]
[WhiteClock "0:00:15"]
[BlackClock "0:00:08"]
[Board "62"]

1. d4 d5 2. c4 e6 3. cxd5 exd5 4. Nc3 c6 5. Bf4 Nf6 6. e3 Be6 7. Nf3 Nbd7 8. Bd3 Be7 9. Rc1 O-O 10. h3 h6 11. O-O Qa5 12. a3 Rac8 13. Qd2 Qd8 14. b4 b6 15. Qb2 b5 16. e4 Nb6 17. Ne5 dxe4 18. Nxe4 Nxe4 19. Bxe4 Bd5 20. Bf5 Rc7 21. Qe2 Bg5 22. Qg4 Bxf4 23. Qxf4 Qg5 24. Qxg5 hxg5 25. Rfe1 Re8 26. Nd3 Rce7 27. Rxe7 Rxe7 28. Ne5 f6 29. Nxc6 Rc7 30. Rc5 Rxc6 31. Rxb5 Rc1+ 32. Kh2 Rf1 33. f3 Ra1 34. Ra5 Ra2 35. Kg3 Bf7 36. Rxa7 g6 37. Bd3 Rd2 38. Bb5 Nd5 39. h4 Nf4 40. hxg5 fxg5 41. Bf1 Nh5+ 42. Kh2 Rxd4 43. b5 Rh4+ 44. Kg1 Ng3 45. Kf2 Nxf1 46. Kxf1 Bc4+ 47. Kf2 Bxb5 48. Ra5 Bd7 49. Rxg5 Kg7 50. Ra5 Kf6 51. Ra7 Rd4 52. Ke3 Rd6 53. a4 Be6 54. a5 Rc6 55. Ra8 Rc3+ 56. Kf2 Ra3 57. a6 Ra2+ 58. Kg3 Bd5 59. Rd8 Be6 60. Rd6 Ke7 61. Rb6 Bc4 62. Rb7+ Kd6 63. a7 Bf1 64. Rg7 Rxg2+ 65. Kf4 Ra2 66. Rxg6+ Kc7 67. Rg7+ Kb6 68. Ke5 Ra5+ 69. Kd6 Ra6 70. Kd5 Be2 71. f4 Bf3+ 72. Ke5 Bb7 73. f5 Kxa7 74. f6 Ra5+ 75. Kd6 Ra6+ 76. Ke7 Bd5 77. Kf8+ Kb6 78. f7 Ra8+ 79. Ke7 Ra7+ 80. Kf6 Ra8 81. Kg6 Kc6 82. Kf6 Kd6 83. Rg6 Kd7 84. Rh6 Bxf7 85. Kxf7 Ra7 86. Kg6 Kc8 87. Kg5 Kb8 88. Rf6 Kb7 89. Kf5 Ra8 90. Rf7+ Kb6 91. Rf6+ Ka5 92. Re6 Ra6 93. Re5+ Kb6 94. Re6+ Kb5 95. Rxa6 Kxa6 1/2-1/2


[Site "https://www.chess.com"]

[Event "Titled Tuesday Blitz July 25 Late 2023"]
[White "Papayan, Oleg"]
[Black "Bueno, Alfeu Junior Varela"]
[WhiteFideId "4193911"]
[BlackFideId "2108879"]
[WhiteElo "2480"]
[BlackElo "2398"]
[Result "1-0"]
[Round "11"]
[TimeControl "180+2"]
[Date "2023.07.25"]
[WhiteClock "0:00:39"]
[BlackClock "0:00:02"]
[Board "63"]

1. e4 e6 2. d4 d5 3. Nc3 Nf6 4. Bg5 Be7 5. e5 Nfd7 6. Bxe7 Qxe7 7. f4 O-O 8. Nf3 c5 9. Bd3 f6 10. O-O cxd4 11. Nb5 Nc6 12. Re1 fxe5 13. fxe5 a6 14. Nbxd4 Nc5 15. c3 Bd7 16. Bc2 Be8 17. h3 Rd8 18. Qd2 Bh5 19. g4 Ne4 20. Bxe4 dxe4 21. Rxe4 Rxf3 22. gxh5 Rxh3 23. Nxc6 bxc6 24. Qg2 Rxh5 25. Rf1 Rd5 26. Ref4 Rg5 27. Rf8+ 1-0


[Site "https://www.chess.com"]

[Event "Titled Tuesday Blitz July 25 Late 2023"]
[White "Cooklev, Steven"]
[Black "slidingknight2775"]
[WhiteFideId "2050552"]
[WhiteElo "2391"]
[BlackElo "2479"]
[Result "1-0"]
[Round "11"]
[TimeControl "180+2"]
[Date "2023.07.25"]
[WhiteClock "0:00:44"]
[BlackClock "0:00:15"]
[Board "64"]

1. e4 c6 2. Nc3 d5 3. Nf3 dxe4 4. Nxe4 Nf6 5. Nxf6+ exf6 6. Bc4 Bd6 7. Qe2+ Qe7 8. Qxe7+ Bxe7 9. O-O O-O 10. Re1 Bd6 11. d4 Bf5 12. Bb3 Nd7 13. Nh4 Bg4 14. h3 Bh5 15. Bd2 Rfe8 16. f4 Be2 17. Kf2 Ba6 18. g3 g6 19. c4 b6 20. a4 Rxe1 21. Rxe1 Bb7 22. a5 Bc7 23. Nf3 a6 24. axb6 Nxb6 25. Ba5 Nd5 26. Bxc7 Nxc7 27. Re7 Rc8 28. c5 Nb5 29. Rxb7 a5 30. Bxf7+ Kh8 31. d5 cxd5 32. Rxb5 a4 33. Bxd5 a3 34. bxa3 h5 35. c6 Rd8 36. c7 Rc8 37. Rc5 Kg7 38. Be6 Rf8 39. c8=Q Rxc8 40. Rxc8 g5 41. fxg5 fxg5 42. Nxg5 Kh6 43. Rh8+ Kg7 44. Rxh5 Kf6 45. Bb3 Kg6 46. Nf3 Kg7 47. g4 Kg6 48. Rb5 Kf6 49. Bd1 Ke6 50. Be2 Kd6 51. a4 Kc6 52. Bf1 Kd6 53. Bg2 Kc6 54. h4 Kd6 55. h5 Ke6 56. a5 Kd6 57. Rb6+ Kc7 58. h6 Kc8 59. h7 Kc7 60. h8=Q Kd7 61. Qh7+ Kc8 62. Rg6 Kb8 63. Rg8# 1-0


[Site "https://www.chess.com"]

[Event "Titled Tuesday Blitz July 25 Late 2023"]
[White "ZugZwang1201"]
[Black "kripri"]
[WhiteElo "2470"]
[BlackElo "2370"]
[Result "0-1"]
[Round "11"]
[TimeControl "180+2"]
[Date "2023.07.25"]
[WhiteClock "0:00:05"]
[BlackClock "0:00:10"]
[Board "65"]

1. e4 c5 2. Nf3 e6 3. d4 cxd4 4. Nxd4 a6 5. Nc3 b5 6. f4 Bb7 7. Bd3 Nc6 8. Nb3 Qc7 9. Qe2 d6 10. g4 Nf6 11. g5 Nd7 12. Be3 Nc5 13. Nd2 Be7 14. Nf3 b4 15. Nd1 O-O-O 16. Nf2 a5 17. h4 d5 18. e5 g6 19. Nd4 Nxd4 20. Bxd4 Ne4 21. Qe3 Qc6 22. O-O h6 23. Rfc1 hxg5 24. hxg5 Nxf2 25. Qxf2 Rh3 26. Bf1 Rh7 27. c3 Rdh8 28. Bg2 b3 29. axb3 Qb5 30. c4 dxc4 31. Rxc4+ Kb8 32. Ba7+ Ka8 33. Qb6 Rh1+ 34. Bxh1 Rxh1+ 35. Kf2 Qxb6+ 36. Bxb6 Rxa1 37. Rc7 Bb4 38. f5 exf5 39. Rxf7 Rc1 40. e6 Rc2+ 41. Ke3 Bc5+ 42. Bxc5 Rxc5 43. e7 Re5+ 44. Kd4 Re4+ 45. Kc5 Re5+ 46. Kd6 Rd5+ 47. Ke6 Bc6 48. Rf8+ Kb7 49. e8=Q Bxe8 50. Kxd5 Bc6+ 51. Kc5 Be4 52. Rf7+ Kc8 53. Kb6 Bc2 54. Kxa5 Bxb3 55. Kb4 Bxf7 56. Kc5 Kd7 57. Kd4 Be6 58. Ke5 Ke7 59. b4 Bc8 60. b5 Bb7 61. b6 Bc6 62. Kf4 Kd6 63. Ke3 Bb7 64. Kd4 Bc6 65. Ke3 Ke5 0-1


[Site "https://www.chess.com"]

[Event "Titled Tuesday Blitz July 25 Late 2023"]
[White "Dinu, Dumitru-Daniel"]
[Black "Senft, Sean"]
[WhiteFideId "1208403"]
[BlackFideId "2044960"]
[WhiteElo "2467"]
[BlackElo "2342"]
[Result "0-1"]
[Round "11"]
[TimeControl "180+2"]
[Date "2023.07.25"]
[WhiteClock "0:00:02"]
[BlackClock "0:01:17"]
[Board "66"]

1. d4 d5 2. c4 c6 3. Nc3 Nf6 4. e3 e6 5. Nf3 a6 6. cxd5 exd5 7. Bd3 Bg4 8. h3 Bh5 9. O-O Nbd7 10. a4 Bd6 11. Be2 O-O 12. Nh2 Bxe2 13. Qxe2 Ne4 14. Nf3 Ndf6 15. Nxe4 Nxe4 16. Nd2 f5 17. Nxe4 fxe4 18. Bd2 Qf6 19. a5 Rae8 20. Rac1 Bc7 21. Qg4 Qd6 22. g3 Rf6 23. Kg2 Ref8 24. Be1 Rg6 25. Qh4 Rf3 26. b4 Qd7 27. Rc2 Bd8 28. Qh5 Rg5 29. Qh4 Qe8 30. b5 Rg6 31. bxc6 bxc6 32. Qh5 Rgxg3+ 33. fxg3 Qxh5 34. Rxc6 Rxf1 35. Kxf1 Qf3+ 36. Bf2 Bxa5 37. Rc5 Bd2 38. Rxd5 Bxe3 39. Rd8+ Kf7 40. Rd7+ Ke6 41. Rf7 Qxf7 0-1


[Site "https://www.chess.com"]

[Event "Titled Tuesday Blitz July 25 Late 2023"]
[White "Kirillov, Dmitry"]
[Black "Kostiukov, Alexandr"]
[WhiteFideId "34180572"]
[BlackFideId "14108100"]
[WhiteElo "2462"]
[BlackElo "2340"]
[Result "1/2-1/2"]
[Round "11"]
[TimeControl "180+2"]
[Date "2023.07.25"]
[WhiteClock "0:02:18"]
[BlackClock "0:00:17"]
[Board "67"]

1. d4 g6 2. c4 Bg7 3. h4 Nf6 4. Nc3 c5 5. d5 e6 6. e4 exd5 7. exd5 O-O 8. Be2 Re8 9. Kf1 h6 10. g3 d6 11. Kg2 Bf5 12. Bd3 Bxd3 13. Qxd3 Nbd7 14. Nf3 Ng4 15. Bf4 Nge5 16. Nxe5 Nxe5 17. Bxe5 Bxe5 18. Rae1 Qd7 19. b3 Kg7 20. Nd1 Bd4 21. Ne3 Bxe3 22. Rxe3 Rxe3 23. Qxe3 Re8 24. Qc3+ Kg8 25. Re1 Re7 26. Re3 Qe8 27. Kf3 Rxe3+ 28. Qxe3 Qxe3+ 29. Kxe3 Kg7 30. g4 f6 31. f4 g5 32. hxg5 hxg5 33. f5 Kf7 34. a3 Ke7 35. b4 b6 36. Kd3 Kd7 37. Kc3 Kc7 38. Kb3 a6 39. Ka4 Kb7 40. Kb3 Kc7 41. a4 cxb4 42. Kxb4 a5+ 43. Kc3 Kb7 44. Kd4 Kc7 45. Kc3 Kb7 46. Kd4 Kc7 47. Kc3 1/2-1/2


[Site "https://www.chess.com"]